HSSL
SPANISH FORK HS @ BROOKLINE HS WARRIORS
04/20/2029
 
TOP OF THE 1ST
Spanish Fork HS batting - Pitching for Brookline HS Warriors : LHP Nate Sharpley
Pitching: LHP Nate Sharpley
Batting: RHB River Sullivan 0-0: Ball
1-0: Ball
2-0: Ball
3-0: Base on Balls
Batting: RHB Thad Bauer 0-0: Ball
1-0: Ball
2-0: Ball
3-0: Swinging Strike
3-1: Called Strike
3-2: Foul Ball, location: 2F
3-2: SINGLE (Line Drive, 8LS)
River Sullivan to second
Batting: RHB John Arnold 0-0: SINGLE (Flyball, 9S)
River Sullivan to third
Thad Bauer to second
Runner from 3rd tries for Home, SAFE, throw made home
Batting: RHB Geoffrey Billings 0-0: Ball
1-0: SINGLE (Groundball, 4MD)
Thad Bauer to third
John Arnold to second
Batting: RHB David Brady 0-0: Ball
1-0: Ball
2-0: Ball
3-0: Base on Balls
Thad Bauer scores
John Arnold to third
Geoffrey Billings to second
Batting: RHB Octávio Ramérez 0-0: Called Strike
0-1: Fly out, F9 (Flyball, 9LS)
Runner from 3rd tags up, SCORES, no throw
Batting: SHB Iván Flores 0-0: Ball
1-0: Foul Ball, location: 2F
1-1: Ball
2-1: Reached on error, E6 (Groundball, 56)
Geoffrey Billings to third
David Brady to second
Batting: RHB Thomas Hollis 0-0: Ball
1-0: Ball
2-0: Called Strike
2-1: Fly out, F9 (Flyball, 9LSF)
Runner from 3rd tags up, SCORES, no throw
Batting: RHB Michael MacDonald 0-0: Ball
1-0: Foul Ball, location: 2F
1-1: Swinging Strike
1-2: Fly out, F8 (Flyball, 8RS)
Top of the 1st over - 4 runs, 3 hits, 1 error, 2 left on base; Spanish Fork HS 4 - Brookline HS 0
BOTTOM OF THE 1ST
Brookline HS Warriors batting - Pitching for Spanish Fork HS : RHP Henry Casey
Pitching: RHP Henry Casey
Batting: RHB Gilbert Bentley 0-0: Ball
1-0: Foul Ball, location: 2F
1-1: Ball
2-1: Foul Ball, location: 2F
2-2: Ball
3-2: Base on Balls
Batting: RHB Travis Kramer 0-0: Called Strike
0-1: Ball
1-1: Ball
2-1: Ball
3-1: Base on Balls
Gilbert Bentley to second
Batting: RHB Raúl Rivera 0-0: Foul Ball, location: 2F
0-1: Ball
1-1: Swinging Strike
1-2: Ball
2-2: Foul Ball, location: 2F
2-2: Foul Ball, location: 2F
2-2: Fly out, F4 (Line Drive, 4)
Batting: RHB Ed Vega 0-0: Foul Ball, location: 2F
0-1: Ball
1-1: Foul Ball, location: 2F
1-2: Strikes out looking
Batting: RHB John Warren 0-0: Called Strike
0-1: Foul Ball, location: 2F
0-2: Ball
1-2: SINGLE (Groundball, 56D)
Gilbert Bentley to third
Travis Kramer to second
Runner from 3rd tries for Home, SAFE, no throw
Batting: RHB León Colón 0-0: Called Strike
0-1: Called Strike
0-2: Foul Ball, location: 2F
0-2: Strikes out looking
Bottom of the 1st over - 1 run, 1 hit, 0 errors, 2 left on base; Spanish Fork HS 4 - Brookline HS 1
TOP OF THE 2ND
Spanish Fork HS batting - Pitching for Brookline HS Warriors : LHP Nate Sharpley
Batting: RHB River Sullivan 0-0: Ball
1-0: Ball
2-0: Ball
3-0: Called Strike
3-1: Fly out, F5 (Line Drive, 5)
Batting: RHB Thad Bauer 0-0: Ball
1-0: Foul Ball, location: 2F
1-1: Ball
2-1: SINGLE (Groundball, 15) (infield hit)
Pitching: LHP Edgardo Sánchez
Batting: RHB John Arnold 0-0: Ball
1-0: Foul Ball, location: 2F
1-1: Foul Ball, location: 2F
1-2: Foul Ball, location: 2F
1-2: Foul Ball, location: 2F
1-2: Ball
2-2: Foul Ball, location: 2F
2-2: Ball
3-2: Ground out 4-3 (Groundball, 34)
Thad Bauer to second
Batting: RHB Geoffrey Billings 0-0: Fly out, F9 (Line Drive, 9D)
Top of the 2nd over - 0 runs, 1 hit, 0 errors, 1 left on base; Spanish Fork HS 4 - Brookline HS 1
BOTTOM OF THE 2ND
Brookline HS Warriors batting - Pitching for Spanish Fork HS : RHP Henry Casey
Batting: LHB Lou Robinson 0-0: Ball
1-0: Foul Ball, location: 2F
1-1: Foul Ball, location: 2F
1-2: Ball
2-2: Fly out, F9 (Flyball, 89M)
Batting: RHB Michael Mossman 0-0: Called Strike
0-1: Ball
1-1: Ground out 4-3 (Groundball, 34)
Batting: RHB Cole Gray 0-0: Ball
1-0: Single, Error in OF, E9, batter to second base
Batting: RHB Gilbert Bentley 0-0: Ball
1-0: SINGLE (Line Drive, 7S)
Cole Gray to third
Runner from 3rd tries for Home, SAFE, no throw
Pitching: RHP Stan Townsend
Batting: RHB Travis Kramer 0-0: Ball
1-0: Fly out, F8 (Line Drive, 8LM)
Bottom of the 2nd over - 1 run, 2 hits, 1 error, 1 left on base; Spanish Fork HS 4 - Brookline HS 2
TOP OF THE 3RD
Spanish Fork HS batting - Pitching for Brookline HS Warriors : LHP Edgardo Sánchez
Batting: RHB David Brady 0-0: Foul Ball, location: 2F
0-1: SINGLE (Flyball, 9S)
Batting: RHB Octávio Ramérez 0-0: Ball
1-0: SINGLE (Flyball, 89M)
David Brady to second
Batting: SHB Iván Flores 0-0: Called Strike
0-1: Foul Ball, location: 2F
0-2: Ball
1-2: Fly out, F4 (Popup, 4)
Batting: RHB Thomas Hollis 0-0: Foul Ball, location: 2F
0-1: SINGLE (Line Drive, 56)
David Brady to third
Octávio Ramérez to second
Batting: RHB Michael MacDonald 0-0: Ball
1-0: Ball
2-0: Ball
3-0: Called Strike
3-1: Reached on error, E4 (Groundball, 4MS)
David Brady scores
Octávio Ramérez to third
Thomas Hollis to second
Batting: RHB River Sullivan 0-0: Fly out, F8 (Flyball, 8LXD)
Runner from 3rd tags up, SCORES, no throw
Batting: RHB Thad Bauer 0-0: Ball
1-0: Ball
2-0: Fly out, F8 (Flyball, 89D)
Top of the 3rd over - 2 runs, 3 hits, 1 error, 2 left on base; Spanish Fork HS 6 - Brookline HS 2
BOTTOM OF THE 3RD
Brookline HS Warriors batting - Pitching for Spanish Fork HS : RHP Stan Townsend
Batting: RHB Raúl Rivera 0-0: Foul Ball, location: 2F
0-1: DOUBLE (Line Drive, 7D)
Batting: RHB Ed Vega 0-0: Ball
1-0: Called Strike
1-1: Ground out 6-3 (Groundball, 6S)
Raúl Rivera to third
Batting: RHB John Warren 0-0: Ball
1-0: Called Strike
1-1: Fly out, F9 (Flyball, 9S)
Batting: RHB León Colón 0-0: Swinging Strike
0-1: Ball
1-1: SINGLE (Groundball, 5D)
Raúl Rivera scores
Batting: LHB Lou Robinson 0-0: Foul Ball, location: 2F
0-1: Foul Ball, location: 2F
0-2: SINGLE (Flyball, 78S)
León Colón to second
Batting: RHB Michael Mossman 0-0: SINGLE (Line Drive, 4)
León Colón to third
Lou Robinson to second
Runner from 3rd tries for Home, SAFE, no throw
Batting: RHB Cole Gray 0-0: Ball
1-0: Foul Ball, location: 2F
1-1: Fly out, F9 (Line Drive, 9LM)
Bottom of the 3rd over - 2 runs, 4 hits, 0 errors, 2 left on base; Spanish Fork HS 6 - Brookline HS 4
TOP OF THE 4TH
Spanish Fork HS batting - Pitching for Brookline HS Warriors : LHP Edgardo Sánchez
Batting: RHB John Arnold 0-0: Ball
1-0: Ball
2-0: Foul Ball, location: 2F
2-1: Foul Ball, location: 2F
2-2: SINGLE (Groundball, 13S) (infield hit)
Batting: RHB Geoffrey Billings 0-0: Ball
1-0: Called Strike
1-1: Ball
2-1: Called Strike
2-2: Foul Ball, location: 2F
2-2: Ball
3-2: Strikes out looking
John Arnold steals 2nd base
Batter strikes out.
Batting: RHB David Brady 0-0: Intentional Walk
Batting: RHB Octávio Ramérez 0-0: Called Strike
0-1: Ball
1-1: Fly out, F7 (Flyball, 7D)
Runner from 2nd tags up, SAFE at 3rd, no throw
Batting: SHB Iván Flores 0-0: Ground out 4-3 (Groundball, 4S)
Top of the 4th over - 0 runs, 1 hit, 0 errors, 2 left on base; Spanish Fork HS 6 - Brookline HS 4
BOTTOM OF THE 4TH
Brookline HS Warriors batting - Pitching for Spanish Fork HS : RHP Stan Townsend
Batting: RHB Gilbert Bentley 0-0: Ball
1-0: Ball
2-0: Called Strike
2-1: SINGLE (Flyball, 89S)
Batting: RHB Travis Kramer 0-0: Ball
1-0: Called Strike
1-1: Ball
2-1: Ground out 3-1 (Groundball, 34S)
Gilbert Bentley to second
Batting: RHB Raúl Rivera 0-0: Ball
1-0: Foul Ball, location: 2F
1-1: Foul Ball, location: 2F
1-2: Foul Ball, location: 2F
1-2: Ball
2-2: 2-RUN HOME RUN (Flyball, 7LD), Distance : 374 ft
Batting: RHB Ed Vega 0-0: Foul Ball, location: 2F
0-1: Ground out 1-3 (Groundball, 13S)
Batting: RHB John Warren 0-0: Called Strike
0-1: Swinging Strike
0-2: Foul Ball, location: 2F
0-2: Ball
1-2: Strikes out swinging
Bottom of the 4th over - 2 runs, 2 hits, 0 errors, 0 left on base; Spanish Fork HS 6 - Brookline HS 6
TOP OF THE 5TH
Spanish Fork HS batting - Pitching for Brookline HS Warriors : LHP Edgardo Sánchez
Batting: RHB Thomas Hollis 0-0: Ball
1-0: Ball
2-0: Foul Ball, location: 2F
2-1: SINGLE (Groundball, 34D)
Batting: RHB Michael MacDonald 0-0: Ball
1-0: Swinging Strike
1-1: Ball
2-1: Ball
3-1: Base on Balls
Thomas Hollis to second
Batting: RHB River Sullivan 0-0: Grounds into double play, 6-4-3 (Groundball, 6)
Thomas Hollis to third
Batting: RHB Thad Bauer 0-0: Called Strike
0-1: Ball
1-1: Ball
2-1: Foul Ball, location: 2F
2-2: Strikes out looking
Top of the 5th over - 0 runs, 1 hit, 0 errors, 1 left on base; Spanish Fork HS 6 - Brookline HS 6
BOTTOM OF THE 5TH
Brookline HS Warriors batting - Pitching for Spanish Fork HS : RHP Stan Townsend
Batting: RHB León Colón 0-0: Swinging Strike
0-1: Foul Ball, location: 2F
0-2: Ball
1-2: Ball
2-2: Foul Ball, location: 2F
2-2: Ball
3-2: Base on Balls
Batting: LHB Lou Robinson 0-0: Called Strike
0-1: DOUBLE (Line Drive, 9LD)
León Colón to third
Runner from 3rd tries for Home, SAFE, no throw
Batting: RHB Michael Mossman 0-0: Intentional Walk
Batting: RHB Cole Gray 0-0: Ball
1-0: Ball
2-0: Foul Ball, location: 2F
2-1: Foul Ball, location: 2F
2-2: Foul Ball, location: 2F
2-2: Foul Ball, location: 2F
2-2: Strikes out swinging
Batting: RHB Gilbert Bentley 0-0: Ball
1-0: Ball
2-0: Ball
3-0: Base on Balls
Lou Robinson to third
Michael Mossman to second
Batting: RHB Travis Kramer 0-0: Ball
1-0: Called Strike
1-1: Ball
2-1: Foul Ball, location: 2F
2-2: Strikes out looking
Batting: RHB Raúl Rivera 0-0: Ball
1-0: Ball
2-0: Ball
3-0: Called Strike
3-1: Called Strike
3-2: Foul Ball, location: 2F
3-2: Foul Ball, location: 2F
3-2: Foul Ball, location: 2F
3-2: Strikes out looking
Bottom of the 5th over - 1 run, 1 hit, 0 errors, 3 left on base; Spanish Fork HS 6 - Brookline HS 7
TOP OF THE 6TH
Spanish Fork HS batting - Pitching for Brookline HS Warriors : LHP Edgardo Sánchez
Batting: RHB John Arnold 0-0: Ball
1-0: Ball
2-0: Ball
3-0: Called Strike
3-1: Foul Ball, location: 2F
3-2: SINGLE (Groundball, 4S) (infield hit)
Pitching: RHP Jim Taylor
Batting: RHB Geoffrey Billings 0-0: Foul Ball, location: 2F
0-1: Ball
1-1: Ball
2-1: Ball
3-1: Base on Balls
John Arnold to second
Batting: RHB David Brady 0-0: Called Strike
0-1: Called Strike
0-2: Ball
1-2: Ball
2-2: Ball
3-2: Fly out, F7 (Flyball, 7LMF)
Batting: RHB Octávio Ramérez 0-0: Ball
1-0: Ball
2-0: Called Strike
2-1: Foul Ball, location: 2F
2-2: Strikes out looking
Batting: SHB Iván Flores 0-0: Called Strike
0-1: Swinging Strike
0-2: Strikes out swinging
Top of the 6th over - 0 runs, 1 hit, 0 errors, 2 left on base; Spanish Fork HS 6 - Brookline HS 7
BOTTOM OF THE 6TH
Brookline HS Warriors batting - Pitching for Spanish Fork HS : RHP Stan Townsend
Pitching: LHP Steve Johnston
Batting: RHB Ed Vega 0-0: Foul Ball, location: 2F
0-1: Swinging Strike
0-2: Ball
1-2: Strikes out looking
Batting: RHB John Warren 0-0: Ball
1-0: Ball
2-0: Ball
3-0: Swinging Strike
3-1: Foul Ball, location: 2F
3-2: Base on Balls
Pinch Runner at 1st Bailey Mrazek:
Batting: RHB León Colón 0-0: Ball
1-0: Ball
2-0: DOUBLE (Flyball, 8LD)
Bailey Mrazek to third
Runner from 3rd tries for Home, SAFE, no throw
Batting: LHB Lou Robinson 0-0: Ball
1-0: Ball
2-0: Swinging Strike
2-1: Ball
3-1: Base on Balls
Batting: RHB Michael Mossman 0-0: Ball
1-0: Called Strike
1-1: Foul Ball, location: 2F
1-2: Ball
2-2: Strikes out swinging
Batting: RHB Cole Gray 0-0: Ball
1-0: SINGLE (Groundball, 56D)
León Colón to third
Lou Robinson to second
Runner from 3rd tries for Home, SAFE, throw made home
Batting: RHB Gilbert Bentley 0-0: Ball
1-0: Swinging Strike
1-1: Called Strike
1-2: Fly out, F3 (Popup, 3)
Bottom of the 6th over - 2 runs, 2 hits, 0 errors, 2 left on base; Spanish Fork HS 6 - Brookline HS 9
TOP OF THE 7TH
Spanish Fork HS batting - Pitching for Brookline HS Warriors : RHP Jim Taylor
Batting: RHB Thomas Hollis 0-0: Ball
1-0: Ball
2-0: Foul Ball, location: 2F
2-1: Ball
3-1: Called Strike
3-2: Base on Balls
Batting: RHB Michael MacDonald 0-0: SINGLE (Flyball, 78M)
Thomas Hollis to second
Batting: RHB River Sullivan 0-0: Foul Ball, location: 2F
0-1: Grounds into double play, 6-4-3 (Groundball, 6)
Thomas Hollis to third
Batting: RHB Thad Bauer 0-0: Ball
1-0: Called Strike
1-1: Ball
2-1: Swinging Strike
2-2: Strikes out swinging
Top of the 7th over - 0 runs, 1 hit, 0 errors, 1 left on base; Spanish Fork HS 6 - Brookline HS 9
BOTTOM OF THE 7TH
Brookline HS Warriors batting - Pitching for Spanish Fork HS : LHP Steve Johnston
Batting: RHB Travis Kramer 0-0: Ball
1-0: Foul Ball, location: 2F
1-1: Ball
2-1: Ball
3-1: Called Strike
3-2: Base on Balls
Batting: RHB Raúl Rivera 0-0: Swinging Strike
0-1: DOUBLE (Line Drive, 89M)
Travis Kramer to third
Runner from 3rd tries for Home, throw and OUT!
Raúl Rivera to third
Batting: RHB Ed Vega 0-0: Intentional Walk
Batting: LHB Bailey Mrazek 0-0: Foul Ball, location: 2F
0-1: Ball
1-1: Foul Ball, location: 2F
1-2: Fly out, F8 (Flyball, 8RM)
Runner from 3rd tags up, SCORES, throw made
Pitching: LHP Larry Mountjoy
Batting: RHB León Colón 0-0: Foul Ball, location: 2F
0-1: Foul Ball, location: 2F
0-2: Fielders Choice at 2nd, 6-4 (Groundball, 6)
Bottom of the 7th over - 1 run, 1 hit, 0 errors, 1 left on base; Spanish Fork HS 6 - Brookline HS 10
TOP OF THE 8TH
Spanish Fork HS batting - Pitching for Brookline HS Warriors : RHP Jim Taylor
Batting: RHB John Arnold 0-0: Ball
1-0: Called Strike
1-1: Called Strike
1-2: Ball
2-2: Foul Ball, location: 2F
2-2: TRIPLE (Line Drive, 7D)
Batting: RHB Geoffrey Billings 0-0: Ground out 4-3 (Groundball, 4)
John Arnold scores
Batting: RHB David Brady 0-0: Ball
1-0: Ball
2-0: Fly out, F8 (Flyball, 8LM)
Batting: RHB Octávio Ramérez 0-0: Fly out, F9 (Flyball, 9LM)
Top of the 8th over - 1 run, 1 hit, 0 errors, 0 left on base; Spanish Fork HS 7 - Brookline HS 10
BOTTOM OF THE 8TH
Brookline HS Warriors batting - Pitching for Spanish Fork HS : LHP Larry Mountjoy
Batting: LHB Lou Robinson 0-0: Swinging Strike
0-1: Foul Ball, location: 2F
0-2: Foul Ball, location: 2F
0-2: Ball
1-2: Ball
2-2: Fly out, F6 (Popup, 6D)
Batting: RHB Michael Mossman 0-0: Swinging Strike
0-1: Ball
1-1: Ball
2-1: Ball
3-1: Foul Ball, location: 2F
3-2: Base on Balls
Batting: RHB Cole Gray 0-0: Called Strike
0-1: Ball
1-1: SINGLE (Flyball, 89S)
Michael Mossman to second
Runner from 2nd tries for 3rd, SAFE, throw made to third
Batting: RHB Gilbert Bentley 0-0: Ball
1-0: Ball
2-0: Ball
3-0: Base on Balls
Cole Gray to second
Batting: RHB Travis Kramer 0-0: Called Strike
0-1: Ball
1-1: Swinging Strike
1-2: Strikes out swinging
Batting: RHB Raúl Rivera 0-0: Ball
1-0: Ball
2-0: Called Strike
2-1: Ball
3-1: Base on Balls
Michael Mossman scores
Cole Gray to third
Gilbert Bentley to second
Batting: RHB Ed Vega 0-0: Ball
1-0: Foul Ball, location: 2F
1-1: SINGLE (Groundball, 5D)
Cole Gray scores
Gilbert Bentley to third
Raúl Rivera to second
Runner from 3rd tries for Home, SAFE, throw made home
Batting: LHB Bailey Mrazek 0-0: Foul Ball, location: 2F
0-1: SINGLE (Line Drive, 4M)
Raúl Rivera to third
Ed Vega to second
Runner from 3rd tries for Home, SAFE, no throw
Batting: RHB León Colón 0-0: Ball
1-0: Ball
2-0: Ball
3-0: Called Strike
3-1: Swinging Strike
3-2: Base on Balls
Ed Vega to third
Bailey Mrazek to second
Batting: LHB Lou Robinson 0-0: SINGLE (Groundball, 4) (infield hit)
Ed Vega scores
Bailey Mrazek to third
León Colón to second
Batting: RHB Michael Mossman 0-0: Foul Ball, location: 2F
0-1: Called Strike
0-2: Strikes out swinging
Bottom of the 8th over - 5 runs, 4 hits, 0 errors, 3 left on base; Spanish Fork HS 7 - Brookline HS 15
TOP OF THE 9TH
Spanish Fork HS batting - Pitching for Brookline HS Warriors : RHP Jim Taylor
Batting: SHB Iván Flores 0-0: Swinging Strike
0-1: Ball
1-1: SINGLE (Groundball, 4MD)
Batting: RHB Thomas Hollis 0-0: Called Strike
0-1: Called Strike
0-2: Strikes out looking
Batting: RHB Michael MacDonald 0-0: Ground out 5-3 (Groundball, 56S)
Iván Flores to second
Batting: RHB River Sullivan 0-0: Ball
1-0: Called Strike
1-1: Called Strike
1-2: Fly out, F2 (Popup, 2R)
Top of the 9th over - 0 runs, 1 hit, 0 errors, 1 left on base; Spanish Fork HS 7 - Brookline HS 15
Saturday, December 16th, 2017 - OOTP Baseball 18.8 Build 76